 Dungeon Crawl Stone Soup version 0.30-a0-760-g5a9884bb7c (webtiles) character file.

Game seed: 13915515609978225010

65 Aneyh the Trooper (level 4, -2/27 (30) HPs)
             Began as a Tengu Monk on Feb 11, 2023.
             Slain by Terence
             ... wielding the +7 Throatcutter {drain, coup de grace}
              (13 damage)
             ... on level 3 of the Dungeon.
             The game lasted 00:02:59 (2153 turns).

Aneyh the Trooper (Tengu Monk)                      Turns: 2153, Time: 00:03:00

HP:   -2/27 (30)    AC:  9    Str: 13    XL:     4   Next: 14%
MP:   5/5           EV: 13    Int: 11    God:
Gold: 145           SH:  5    Dex: 16    Spells: 3/3 levels left

rFire   . . .      SeeInvis .    a - +0 falchion (protect)
rCold   . . .      Faith    .    (no shield)
rNeg    . . .      Spirit   .    l - +0 robe
rPois   .          Reflect  +    (helmet restricted)
rElec   .          Harm     .    (no cloak)
rCorr   .          Rampage  .    (no gloves)
Will    .....                    (boots unavailable)
Stlth   ++                       o - amulet of reflection
HPRegen 0.24/turn                (no ring)
MPRegen 0.09/turn                (no ring)

@: under a protective aura, heavily drained
A: beak, talons 3
a: no special abilities


You were on level 3 of the Dungeon.
You visited 1 branch of the dungeon, and saw 3 of its levels.

You collected 145 gold pieces.

Inventory:

Hand Weapons
 a - a +0 falchion of protection (weapon)
 b - a +0 sling of draining
 i - a +0 spear
Missiles
 k - 3 poisoned darts (quivered)
Armour
 l - a +0 robe (worn)
Jewellery
 o - an amulet of reflection (around neck)
Scrolls
 f - 4 scrolls of teleportation {unknown}
 h - a scroll of vulnerability {unknown}
 j - 2 scrolls of identify {unknown}
 n - a scroll of torment {unknown}
 p - 4 scrolls of enchant armour {unknown}
 r - a scroll of amnesia {unknown}
Potions
 c - a potion of ambrosia
 d - 2 potions of flight {unknown}
 e - 6 potions of curing {unknown}
 g - 2 potions of brilliance {unknown}
 m - a potion of might {unknown}
 q - a potion of cancellation {unknown}


   Skills:
 + Level 4.9 Fighting
 - Level 3.2 Polearms
 - Level 3.2 Dodging
 - Level 2.0 Stealth


You had 3 spell levels left.
You didn't know any spells.
Your spell library contained the following spells:

 Spells                   Type           Power      Damage    Failure   Level
 Cigotuvi's Dreadful Rot  Necr/Pois/Air  0%         N/A       47%         2
 Poisonous Vapours        Pois/Air       0%         N/A       47%         2
 Mephitic Cloud           Conj/Pois/Air  0%         N/A       71%         3


Dungeon Overview and Level Annotations

Branches:
Dungeon (3/15)

Altars:
Uskayaw

Annotations:
D:3 Terence


Innate Abilities, Weirdness & Mutations

You have a beak for a mouth.
You have claws for feet.


Message History

Terence shouts!
Terence is lightly wounded.
You shoot a sling bullet. The sling bullet hits Terence.
You drain Terence.
Terence is moderately wounded.
You shoot a sling bullet.
The sling bullet closely misses Terence.
You shoot a sling bullet.
The sling bullet hits Terence but does no damage.
Terence is moderately wounded.
Your +0 falchion of protection hums with potential!
a - a +0 falchion of protection (weapon)
You closely miss Terence. Your peck misses Terence.
Terence is moderately wounded.
Terence hits you with the +7 Throatcutter {drain, coup de grace}!
You feel drained. Terence screams, "I want your blood!"
Terence completely misses you.
You hit Terence but do no damage.
Your weapon exudes an aura of protection.
You claw Terence.
Terence is moderately wounded.
Terence closely misses you.
You hit Terence. You peck Terence, but do no damage.
You punch Terence, but do no damage.
Terence is heavily wounded.
Terence completely misses you.
You hit Terence. Your kick misses Terence. Your peck misses Terence.
Terence is severely wounded.
Terence closely misses you. x2
You hit Terence but do no damage. You claw Terence.
Terence is almost dead.
Terence hits you with the +7 Throatcutter {drain, coup de grace}.
You feel drained.
You barely miss Terence. You peck Terence, but do no damage.
Terence is almost dead.
You block Terence's attack.
You hit Terence but do no damage.
Terence is almost dead.
Terence hits you with the +7 Throatcutter {drain, coup de grace}!
You die...

#.# #.# ##...##... #.# #.#
#8...8#.#. #.# #.# ##...##.#. #.#
#.# #...##.#. #.# #.# ##...##.#.
#.# #.# #8...8#.#.
##.###.##.########## ####...#####
........#........#8###8##...##8##
######### #@................
......@..........⌠......
........................
.......##8###8##...##8## .......
### ####...#### ....... #8...8#.#
....... ##...##.# .......
#...##.# ##...##.#


You could see Terence (very drained).

Vanquished Creatures
  An adder (D:3)
  2 worms (D:3)
  2 dart slugs (D:3)
  A bat (D:2)
  4 endoplasms
  A giant cockroach (D:1)
  5 goblins
  6 hobgoblins
  4 jackals
  2 quokkas (D:2)
  5 ball pythons
  2 frilled lizards
  3 kobolds
  3 rats
41 creatures vanquished.

Notes
Turn   | Place    | Note
-------+----------+-------------------------------------------
     0 | D:1      | Aneyh the Tengu Monk began the quest for the Orb.
     0 | D:1      | Reached XP level 1. HP: 14/14 MP: 2/2
   270 | D:1      | Reached XP level 2. HP: 19/19 MP: 3/3
   858 | D:2      | Reached skill level 4 in Fighting
  1042 | D:2      | Reached XP level 3. HP: 23/23 MP: 4/4
  1656 | D:3      | Found a hide-covered altar of Uskayaw.
  1836 | D:3      | Reached XP level 4. HP: 30/30 MP: 5/5
  2141 | D:3      | Noticed Terence
  2153 | D:3      | Slain by Terence

Illustrated notes

Levels and vault maps discovered:
D:1:      dpeg_arrival_morbid_curiosity, layout_basic, minmay_pentomino_o4
D:2:      layout_rooms, minmay_3d_cube
D:3:      layout_basic, mainiacjoe_overflow_paths, serial_corexii_hall,
          corexii_hall_statues_x, chequers_hall_statues_y, uniq_terence

Skill      XL: |  1  2 |
---------------+-------+-----
Fighting       | 4 |  4.9
Polearms       | |  3.2
Dodging        | |  3.2
Stealth        | |  2.0

Action                     |  1- 3 |  4- 6 || total
---------------------------+-------+-------++-------
  Melee: Spear             |    19 |       ||    19
         Kick              |     8 |     2 ||    10
         Falchion          |    16 |     7 ||    23
         Peck              |     2 |     2 ||     4
         Punch             |       |     1 ||     1
   Fire: Sling             |    41 |    13 ||    54
   Stab: Sleeping          |     7 |       ||     7
 Armour: Robe              |     1 |       ||     1
  Dodge: Dodged            |    17 |     8 ||    25
  Block: Other             |     1 |     2 ||     3

Table legend: (Time is in decaauts)
 A = Elapsed time spent in this place.
 B = Non-inter-level travel time spent in this place.
 C = Inter-level travel time spent in this place.
 D = Time resting spent in this place.
 E = Time spent auto-exploring this place.
 F = Levels seen in this place.
 G = Mean time per level.
                   A        B        C        D        E       F      G
               +--------+--------+--------+--------+--------+-----+--------+
         Total |   2174 |   2113 |     61 |    113 |   1747 |   3 |  724.7 |
       Dungeon |   2174 |   2113 |     61 |    113 |   1747 |   3 |  724.7 |
               +--------+--------+--------+--------+--------+-----+--------+

Top non-repeatable levels by time:
     D:1: 832 daAuts
     D:3: 693 daAuts
     D:2: 649 daAuts
